 Dungeon Crawl Stone Soup version 0.29-a0-620-g13ace881f2 (webtiles) character file.

Game seed: 1887496348591248873

378 HoaS the Shooter (level 6, -4/35 HPs)
             Began as a Gargoyle Hunter on June 18, 2022.
             Slain by Prince Ribbit (14 damage)
             ... on level 4 of the Dungeon.
             The game lasted 00:07:35 (4401 turns).

HoaS the Shooter (Gargoyle Hunter)                  Turns: 4401, Time: 00:07:36

Health: -4/35      AC: 11    Str: 21    XL:     6   Next: 74%
Magic:  6/6        EV: 11    Int:  9    God:
Gold:   307        SH:  0    Dex: 15    Spells: 5/5 levels left

rFire   . . .      SeeInvis .   a - +2 shortbow
rCold   . . .      Faith    .   (shield currently unavailable)
rNeg    + . .      Spirit   .   j - +1 ring mail
rPois   ∞          Reflect  .   (no helmet)
rElec   +          Harm     .   f - +0 cloak
rCorr   .          Rampage  .   (no gloves)
Will    .....                   (no boots)
Stlth   +.........              (no amulet)
HPRegen 0.11/turn               k - ring of flight
MPRegen 0.10/turn               h - +6 ring of strength

@: flying
A: sickness immunity, AC +4, negative energy resistance 1, electricity
resistance, torment resistance 1, petrification resistance
a: no special abilities


You were on level 4 of the Dungeon.
You visited 1 branch of the dungeon, and saw 5 of its levels.

You collected 307 gold pieces.

Inventory:

Hand Weapons
 a - a +2 shortbow (weapon)
Armour
 f - a +0 cloak (worn)
 j - a +1 ring mail (worn)
Jewellery
 h - a +6 ring of strength (right hand)
 k - a ring of flight (left hand)
Wands
 d - a wand of flame (10)
Scrolls
 c - 2 scrolls of immolation
Potions
 b - 4 potions of curing
 e - a potion of heal wounds
 g - a potion of cancellation
 m - 3 potions of flight {unknown}


   Skills:
 - Level 2.1 Fighting
 + Level 7.9 Bows
 - Level 1.5 Dodging
 - Level 1.1 Stealth


You had 5 spell levels left.
You didn't know any spells.
Your spell library was empty.

Dungeon Overview and Level Annotations

Branches:
Dungeon (5/15)
 Temple: D:4-7

Altars:
Elyvilon
Fedhas

Annotations:
D:4 Dowan, Duvessa, Grinder, Pikel, Prince Ribbit


Innate Abilities, Weirdness & Mutations

You are immune to sickness and miasma.
Your stone body is resilient. (AC +4)
You are immune to poison.
You resist negative energy. (rN+)
You are resistant to electric shocks. (rElec)
You are resistant to unholy torment.
You are immune to petrification.


Message History

Level annotation: Dowan, Duvessa, Grinder
There is a stone staircase leading down here.
You shoot an arrow. The arrow misses the ufetubus.
The ufetubus completely misses you.
The ufetubus hits you but does no damage. x2
The ufetubus barely misses you.
You shoot an arrow. The arrow barely misses the ufetubus.
The ufetubus closely misses you. x3; The ufetubus hits you.
You shoot an arrow. The arrow hits the ufetubus!
You kill the ufetubus!
No target in view!
No target in view!
You start resting.
HP restored.
Found an escape hatch in the floor.
You see here a +0 dagger.
You now have 307 gold pieces (gained 7).
Found a stone staircase leading down.
There is a stone staircase leading down here.
You fly downwards.
Level annotation: Pikel, Prince Ribbit The lemure hits you but does no damage.
The orc priest mumbles some strange prayers to Beogh against you.
Beogh smites you!
The orc priest looks braver for a moment.
Prince Ribbit says, "You're just another fly to me."
The lemure closely misses you.
The orc priest miscasts a cantrip.
There is a stone staircase leading up here.
Prince Ribbit barely misses you.
Prince Ribbit hits you but does no damage.
The lemure hits you.
The orc priest hits you but does no damage.
Pikel hits you with a +1 whip of freezing.
Pikel freezes you.
You fly upwards.
Level annotation: Dowan, Duvessa, Grinder
There is a stone staircase leading down here.
Prince Ribbit hits you!
You die...

##...###........>#..........#.
#.............##.#.........###
#.....#........................
##....#...#..............<.....
###.....##..............^...##
#..#..................†...#
#.###...........##........## #.
##....K.5..##....)..>... ..
.......@o..# ...........
.........F.## ...........
...........# ...#.....##
.♣...##...... ##......... .♣..
##......####.....## ♣.
#.###.....##....## . #.#
............. ..# .#...#..##..
.. ####.#...#....#.


You could see Prince Ribbit, Pikel, a lemure and an orc priest.

Vanquished Creatures
  3 lemures (D:4)
  A necrophage (D:3)
  A scorpion (D:3)
  A hound (D:4)
  A jelly (D:4)
  6 gnolls
  5 adders
  2 ufetubi (D:4)
  A worm (D:4)
  A dart slug (D:1)
  8 orcs
  8 ball pythons
  5 endoplasms
  3 giant cockroaches
  8 goblins
  4 hobgoblins
  4 kobolds
  3 quokkas
  3 bats
  A frilled lizard (D:3)
  7 rats
76 creatures vanquished.

Notes
Turn   | Place    | Note
-------+----------+-------------------------------------------
     0 | D:1      | HoaS the Gargoyle Hunter began the quest for the Orb.
     0 | D:1      | Reached XP level 1. HP: 12/12 MP: 1/1
   227 | D:1      | Reached XP level 2. HP: 11/17 MP: 2/2
  1266 | D:2      | Reached skill level 5 in Bows
  1266 | D:2      | Reached XP level 3. HP: 21/21 MP: 3/3
  1510 | D:2      | Reached XP level 4. HP: 26/26 MP: 4/4
  1968 | D:3      | Found a blossoming altar of Fedhas.
  2060 | D:3      | Noticed a scorpion
  2063 | D:3      | Killed a scorpion
  2064 | D:3      | Reached skill level 6 in Bows
  2064 | D:3      | Reached XP level 5. HP: 30/30 MP: 5/5
  2195 | D:3      | Reached skill level 7 in Bows
  2390 | D:3      | Reached XP level 6. HP: 34/35 MP: 6/6
  2692 | D:3      | Found a white marble altar of Elyvilon.
  3506 | D:4      | Noticed Grinder
  3540 | D:4      | Noticed Dowan
  3540 | D:4      | Noticed Duvessa
  3836 | D:5      | Entered Level 5 of the Dungeon
  3837 | D:5      | Noticed Pikel
  4209 | D:5      | Noticed Prince Ribbit
  4401 | D:4      | Slain by Prince Ribbit

Illustrated notes

Levels and vault maps discovered:
D:1:      erik_arrival_orb_chamber, layout_loops_corners, minivault_19,
          amcnicky_mini_rare_corridor_liquid, minmay_stone_trees_small
D:2:      layout_loops_ring, amethyst_killhole
D:3:      layout_loops_ring, nicolae_elyvilon_temple_path, fedhas_altar_4,
          minmay_misc_feat_tower, hangedman_glass_teeth
D:4:      layout_cave_pools, kennysheep_mini_moat, chequers_garden,
          chequers_serial_rivers_large_a, nicolae_underground_beach,
          uniq_grinder, uniq_duvessa
D:5:      layout_loops_cross, uniq_prince_ribbit1, uniq_pikel

Skill      XL: |  1  2  3  4  5 |
---------------+----------------+-----
Bows           | 5 6 7 |  7.9
Fighting       | |  2.1
Dodging        | |  1.5
Stealth        | |  1.1

Action                   |  1- 3 |  4- 6 || total
-------------------------+-------+-------++-------
 Fire: Shortbow          |    70 |   206 ||   276
  Use: Scroll            |     4 |     8 ||    12
       Potion            |       |     1 ||     1
Armor: Leather armour    |    13 |       ||    13
       Ring mail         |     2 |    58 ||    60
Dodge: Dodged            |    23 |    88 ||   111

Table legend: (Time is in decaauts)
 A = Elapsed time spent in this place.
 B = Non-inter-level travel time spent in this place.
 C = Inter-level travel time spent in this place.
 D = Time resting spent in this place.
 E = Time spent auto-exploring this place.
 F = Levels seen in this place.
 G = Mean time per level.
                   A        B        C        D        E       F      G
               +--------+--------+--------+--------+--------+-----+--------+
         Total |   4478 |   4166 |    312 |   1378 |   2119 |   5 |  895.6 |
       Dungeon |   4478 |   4166 |    312 |   1378 |   2119 |   5 |  895.6 |
               +--------+--------+--------+--------+--------+-----+--------+

Top non-repeatable levels by time:
     D:3: 1485 daAuts
     D:1: 1071 daAuts
     D:4: 997 daAuts
     D:2: 900 daAuts
     D:5: 23 daAuts
